General information
- name: BNet
- type: Ladder 1vs1/FFA
- host: Battle.net
- saver: BEAR_AND
map: EchoIsles
- players: 2
- length: 29:50
- speed: Fast
- version: 1.26 W3XP
- replay type:

» download(113 KB)
Players
team 1 (tie)
CommunistGoogle (
red | 57 APM | 1709 actions | 29:50)
6 Mountain King
3 Storm Bolt
2 Bash
1 Avatar
4 Paladin
2 Holy Light
1 Divine Shield
1 Devotion Aura
» actions
| Assign group hotkey | 14 | |
| Basic commands | 193 | |
| Build / train | 113 | |
| Enter build submenu | 29 | |
| Enter hero's abilities submenu | 10 | |
| Give item / drop item | 4 | |
| Remove unit from queue | 1 | |
| Right click | 632 | |
| Select / deselect | 483 | |
| Select group hotkey | 107 | |
| Use ability | 123 | |
1709 total
» units
| Peasant | 17 | |
| Footman | 13 | |
| Forest Troll Shadow Priest | 2 | |
| Mortar Team | 11 | |
| Siege Engine | 4 | |
47 total
» upgrades
| Lumber Harvesting | 1 | |
| Flare | 1 | |
| Barrage | 1 | |
| Gunpowder | 3 | |
| Fragmentation Shards | 1 | |
| Plating | 2 | |
9 total
» buildings
| Altar of Kings | 1 | |
| Farm | 11 | |
| Barracks | 1 | |
| Scout Tower | 1 | |
| Arcane Tower | 5 | |
| Keep | 5 | |
| Arcane Vault | 4 | |
| Blacksmith | 1 | |
| Lumber Mill | 1 | |
| Workshop | 3 | |
| Town Hall | 1 | |
| Castle | 3 | |
37 total
» build order
00:12 Altar of Kings
00:14 Farm
00:24 Barracks
00:51 Farm
01:34 Farm
01:49 Scout Tower
02:20 Arcane Tower
02:20 Arcane Tower
02:20 Arcane Tower
03:05 Farm
03:50 Keep
03:51 Keep
03:51 Keep
03:51 Keep
04:25 Arcane Vault
05:01 Farm
05:03 Farm
06:39 Farm
06:39 Farm
07:42 Blacksmith
08:25 Lumber Mill
08:34 Workshop
10:15 Town Hall
11:05 Farm
11:06 Farm
11:53 Castle
11:53 Castle
12:40 Workshop
12:53 Arcane Vault
13:28 Workshop
18:35 Arcane Vault
19:02 Farm
21:22 Arcane Vault
» items
| Boots of Speed | 1 | |
| Scroll of Regeneration | 6 | |
| Lesser Clarity Potion | 6 | |
| Potion of Mana | 5 | |
| Potion of Healing | 2 | |
| Scroll of Town Portal | 1 | |
| Orb of Fire | 1 | |
| Staff of Sanctuary | 1 | |
23 total
team 2 (tie)
BEAR_AND (
yellow | 146 APM | 4366 actions | 29:50)
3 Archmage
2 Blizzard
1 Brilliance Aura
3 Mountain King
2 Storm Bolt
1 Bash
2 Paladin
1 Holy Light
1 Divine Shield
» actions
| Assign group hotkey | 25 | |
| Basic commands | 11 | |
| Build / train | 180 | |
| Enter build submenu | 81 | |
| Enter hero's abilities submenu | 8 | |
| Give item / drop item | 5 | |
| Remove unit from queue | 2 | |
| Right click | 2704 | |
| Select / deselect | 654 | |
| Select group hotkey | 371 | |
| Use ability | 323 | |
4366 total
» units
» upgrades
| Masonry | 4 | |
| Lumber Harvesting | 1 | |
| Magic Sentry | 1 | |
| Priest Training | 2 | |
| Backpack | 1 | |
9 total
» buildings
| Altar of Kings | 3 | |
| Farm | 7 | |
| Lumber Mill | 1 | |
| Arcane Vault | 4 | |
| Scout Tower | 131 | |
| Arcane Tower | 4 | |
| Guard Tower | 77 | |
| Keep | 4 | |
| Town Hall | 2 | |
| Arcane Sanctum | 1 | |
| Castle | 2 | |
| Gryphon Aviary | 1 | |
237 total
» build order
00:09 Altar of Kings
00:18 Farm
00:34 Lumber Mill
00:48 Farm
01:07 Arcane Vault
01:26 Scout Tower
01:41 Scout Tower
01:59 Arcane Tower
02:32 Guard Tower
02:33 Scout Tower
02:34 Scout Tower
02:43 Scout Tower
03:37 Guard Tower
03:48 Scout Tower
03:49 Scout Tower
03:50 Scout Tower
03:50 Scout Tower
03:52 Scout Tower
03:56 Keep
04:22 Guard Tower
05:00 Guard Tower
05:04 Town Hall
05:09 Scout Tower
05:09 Scout Tower
05:10 Scout Tower
05:15 Guard Tower
05:21 Scout Tower
05:22 Scout Tower
05:22 Scout Tower
05:30 Scout Tower
05:30 Scout Tower
05:31 Scout Tower
05:39 Farm
05:40 Farm
05:48 Guard Tower
05:57 Arcane Tower
06:15 Scout Tower
06:15 Scout Tower
06:16 Scout Tower
06:27 Guard Tower
06:38 Scout Tower
06:39 Scout Tower
06:44 Guard Tower
07:07 Guard Tower
07:10 Guard Tower
08:28 Town Hall
08:36 Scout Tower
08:36 Scout Tower
08:38 Scout Tower
08:39 Scout Tower
08:39 Scout Tower
08:40 Scout Tower
08:42 Scout Tower
08:42 Scout Tower
08:43 Scout Tower
08:58 Scout Tower
08:59 Scout Tower
08:59 Scout Tower
09:00 Scout Tower
09:04 Guard Tower
09:04 Guard Tower
09:05 Guard Tower
09:05 Guard Tower
09:05 Guard Tower
09:08 Guard Tower
09:08 Guard Tower
09:09 Guard Tower
09:12 Guard Tower
09:12 Guard Tower
09:12 Guard Tower
09:26 Arcane Tower
09:34 Guard Tower
09:34 Guard Tower
09:35 Guard Tower
09:43 Guard Tower
09:50 Guard Tower
09:53 Guard Tower
10:38 Guard Tower
10:42 Arcane Vault
11:21 Arcane Sanctum
11:29 Scout Tower
11:29 Scout Tower
11:29 Scout Tower
11:30 Guard Tower
11:35 Scout Tower
11:36 Scout Tower
11:37 Scout Tower
11:37 Scout Tower
11:38 Scout Tower
11:39 Scout Tower
11:39 Scout Tower
11:40 Scout Tower
12:00 Guard Tower
12:00 Guard Tower
12:31 Guard Tower
12:50 Guard Tower
12:51 Scout Tower
12:52 Scout Tower
12:52 Scout Tower
12:53 Scout Tower
12:55 Scout Tower
13:05 Scout Tower
13:06 Scout Tower
13:08 Scout Tower
13:08 Scout Tower
13:09 Arcane Tower
13:31 Castle
13:31 Castle
13:53 Guard Tower
14:01 Farm
14:03 Farm
14:46 Guard Tower
14:52 Guard Tower
14:52 Guard Tower
14:52 Guard Tower
14:53 Guard Tower
15:02 Guard Tower
15:09 Scout Tower
15:09 Scout Tower
15:09 Scout Tower
15:10 Scout Tower
16:11 Altar of Kings
17:32 Arcane Vault
18:39 Scout Tower
18:39 Scout Tower
18:40 Scout Tower
18:41 Scout Tower
18:52 Scout Tower
18:54 Scout Tower
18:54 Scout Tower
18:55 Scout Tower
18:56 Scout Tower
18:56 Scout Tower
18:57 Scout Tower
18:57 Scout Tower
18:58 Scout Tower
18:58 Scout Tower
18:59 Scout Tower
18:59 Scout Tower
19:00 Scout Tower
19:01 Scout Tower
19:01 Scout Tower
19:01 Scout Tower
19:02 Scout Tower
19:02 Scout Tower
19:03 Scout Tower
19:04 Scout Tower
19:04 Scout Tower
19:05 Scout Tower
19:05 Scout Tower
19:13 Arcane Vault
19:44 Guard Tower
20:49 Guard Tower
21:16 Guard Tower
21:22 Guard Tower
21:28 Guard Tower
21:29 Scout Tower
21:30 Scout Tower
21:32 Scout Tower
21:32 Scout Tower
21:33 Scout Tower
21:33 Scout Tower
21:34 Scout Tower
21:37 Guard Tower
21:39 Scout Tower
21:40 Scout Tower
21:40 Scout Tower
21:41 Scout Tower
21:41 Scout Tower
21:42 Scout Tower
21:50 Guard Tower
22:04 Guard Tower
22:18 Altar of Kings
22:28 Scout Tower
22:28 Scout Tower
22:29 Scout Tower
22:29 Scout Tower
22:30 Scout Tower
22:31 Scout Tower
22:31 Guard Tower
22:32 Guard Tower
22:34 Scout Tower
22:35 Scout Tower
22:35 Scout Tower
22:48 Guard Tower
22:52 Guard Tower
22:52 Guard Tower
22:52 Guard Tower
23:08 Gryphon Aviary
23:36 Guard Tower
24:01 Guard Tower
24:02 Guard Tower
24:02 Guard Tower
24:05 Guard Tower
24:05 Guard Tower
24:05 Guard Tower
24:45 Guard Tower
24:56 Scout Tower
24:57 Scout Tower
24:58 Scout Tower
24:58 Scout Tower
24:58 Scout Tower
24:59 Scout Tower
26:08 Guard Tower
26:12 Farm
26:15 Scout Tower
26:15 Scout Tower
26:16 Scout Tower
26:17 Scout Tower
26:17 Scout Tower
26:18 Scout Tower
26:18 Scout Tower
26:34 Scout Tower
26:34 Scout Tower
26:35 Scout Tower
26:35 Scout Tower
26:38 Scout Tower
27:14 Guard Tower
27:15 Guard Tower
27:16 Guard Tower
27:27 Guard Tower
27:44 Guard Tower
27:45 Guard Tower
29:15 Keep
29:15 Keep
29:16 Keep
» items
| Scroll of Regeneration | 2 | |
| Lesser Clarity Potion | 7 | |
| Potion of Healing | 9 | |
| Boots of Speed | 2 | |
| Staff of Teleportation | 2 | |
| Staff of Sanctuary | 3 | |
| Potion of Lesser Invulnerability | 1 | |
| Scroll of Healing | 1 | |
| Periapt of Vitality | 1 | |
28 total
Chat log
(00:10 / All) BEAR_AND: its me
(00:11 / All) BEAR_AND: yellow
(00:17 / All) CommunistGoogle: ?
(00:21 / All) BEAR_AND: from?
(00:27 / All) CommunistGoogle: ca
(00:31 / All) BEAR_AND: me 2 toronto
(00:39 / All) CommunistGoogle: nice bramton
(00:41 / All) BEAR_AND: gross
(00:46 / All) CommunistGoogle: lol :P
(00:58 / All) CommunistGoogle: bramledesh
(01:08 / All) BEAR_AND: that's pretty rude
(01:18 / All) CommunistGoogle: not when you local
(19:07 / All) CommunistGoogle: WHY DO YOU PLAY?
(19:14 / All) BEAR_AND: its a passion
(19:17 / All) BEAR_AND: towers
(25:22 / All) BEAR_AND: gg
(25:23 / All) BEAR_AND: bye
(25:54 / All) BEAR_AND: leave
(25:55 / All) BEAR_AND: gg
(26:03 / All) CommunistGoogle: stfu faggot
(26:20 / All) BEAR_AND: angry boy
(26:44 / All) BEAR_AND: ready 4 tie???
(27:29 / All) BEAR_AND: ty for fun game
(27:31 / All) BEAR_AND: a lil easy tho
(28:09 / All) BEAR_AND: last try????
(28:10 / All) BEAR_AND: lol
(28:14 / All) BEAR_AND: do you think you can do it
(28:16 / All) BEAR_AND: kill me in 1:30
(28:23 / All) BEAR_AND: http://highper.ch/ for tower tips
(29:19 / All) BEAR_AND: gg
(29:22 / All) BEAR_AND: lose all to towers....
(29:26 / All) CommunistGoogle: not really
(29:47 / All) BEAR_AND: bye
(29:48 / All) BEAR_AND: ty